AoeStats
← 江哥

African Clearing

510577546Analyzed
4v4 RM · 21h ago on Oct 1, 2026· 41m 21s· 8 players
Game mode
Random Map
Map size
Large (8 player)
Population
200
Speed
Normal
Resources
Standard
Victory
Conquest
Starting age
Dark Age
Ending age
Imperial Age
RankedLock teamsTeams togetherTeam positionsShared explorationLock speedFull tech treeHidden civsTurbo modeCheats
Victory
Defeat
🇲🇽 Spanish · Mexico
1508
+14
🇺🇸 Spanish · United States
1480
+15
🇹🇷 Ethiopians · Türkiye
1469
+15
🇳🇱 Vietnamese · Netherlands
1463
+16
🇨🇳 Burgundians · China
1513
-18
🇨🇳 Varangians · China
1479
-16
🇨🇳 Mapuche · China
1457
-15
🇨🇳 Huns · China
1370
-11
Silence
9:26 Loom
11:45 Feudal Age
13:08 Double-Bit Axe
13:46 Forging
15:09 Scale Barding Armor
17:44 Horse Collar
23:56 Castle Age
23:07 Padded Archer Armor
25:37 Chain Barding Armor
24:44 Light Cavalry
26:30 Husbandry
33:38 Leather Archer Armor
33:39 Bloodlines
37:21 Stone Mining
40:02 Gold Mining
41:14 Wheelbarrow
Duaaa
9:39 Loom
12:26 Feudal Age
17:19 Castle Age
15:43 Double-Bit Axe
17:09 Stone Mining
18:11 Bow Saw
20:33 Horse Collar
30:20 Wheelbarrow
32:50 Imperial Age
30:40 Fletching
30:54 Horse Collar
31:53 Bodkin Arrow
32:08 Elite Skirmisher
33:03 Padded Archer Armor
33:00 Imperial Skirmisher
34:07 Conscription
34:15 Bracer
35:36 Chemistry
35:37 Ballistics
36:26 Leather Archer Armor
36:23 Squires
39:29 Gold Mining
40:24 Ring Archer Armor
40:31 Heavy Plow
LogsandBoats
5:17 Loom
13:15 Feudal Age
17:30 Castle Age
15:50 Double-Bit Axe
17:13 Horse Collar
18:26 Bow Saw
25:06 Gold Mining
25:17 Fletching
25:46 Town Watch
27:00 Wheelbarrow
26:54 Padded Archer Armor
27:31 Bodkin Arrow
28:51 Ballistics
28:52 Leather Archer Armor
29:58 Hand Cart
31:05 Town Patrol
31:06 Heavy Plow
32:51 Stone Mining
35:56 Imperial Age
34:27 Masonry
36:06 Capped Ram
37:49 Two-Man Saw
36:51 Bracer
37:21 Ring Archer Armor
37:54 Chemistry
36:19 Elite Rattan Archer
38:17 Crop Rotation
38:03 Siege Engineers
Anatoly
9:27 Loom
13:23 Loom
17:32 Feudal Age
25:18 Wheelbarrow
24:53 Fletching
25:04 Padded Archer Armor
27:58 Scale Mail Armor
29:18 Double-Bit Axe
31:55 Town Watch
32:06 Horse Collar
35:49 Castle Age
35:54 Crossbowman
36:30 Bodkin Arrow
37:02 Leather Archer Armor
37:31 Ballistics
37:31 Bow Saw
江哥
10:36 Loom
13:04 Feudal Age
17:29 Castle Age
15:26 Double-Bit Axe
16:04 Stone Mining
18:07 Bloodlines
20:37 Bloodlines
21:37 Gold Mining
29:47 Scale Barding Armor
32:29 Wheelbarrow
35:16 Forging
35:53 Chain Barding Armor
36:57 Iron Casting
36:27 Husbandry
超级硬邦邦
5:12 Loom
13:53 Feudal Age
15:08 Double-Bit Axe
20:16 Castle Age
19:34 Bow Saw
20:00 Horse Collar
20:13 Town Watch
23:18 Wheelbarrow
26:22 Gold Mining
26:22 Stone Mining
27:53 Hand Cart
31:14 Heavy Plow
33:41 Husbandry
36:56 Imperial Age
35:07 Gold Shaft Mining
35:05 Scale Barding Armor
36:34 Stone Shaft Mining
37:51 Forging
39:14 Iron Casting
39:31 Chain Barding Armor
40:29 Two-Man Saw
40:19 Conscription
41:51 Crop Rotation
Mick...
2:52 Loom
13:19 Feudal Age
15:14 Scale Barding Armor
15:21 Forging
20:16 Double-Bit Axe
28:51 Castle Age
30:01 Wheelbarrow
世一上、
13:21 Feudal Age
17:21 Castle Age
16:27 Double-Bit Axe
17:37 Fletching
21:56 Loom
32:04 Bodkin Arrow
34:45 Horse Collar
36:07 Bow Saw
39:37 Wheelbarrow
Connection lost

Rejoining the realm…

Still unreachable

The connection could not be restored.

Session expired

The server has moved on; the page needs a fresh start.